Map: Acid Plant LE

Players

Parasite

  • Race: Zerg Zerg
  • League: Diamond
  • Spawn Location: 11:00

LigerMaNN - Winner!

  • Race: Zerg Zerg
  • League: Diamond
  • Spawn Location: 5:00

VOD

Have the link to the VOD?

Description

Time

  • Played on: Aug. 16, 2018, 6:02 p.m.
  • Length: 11:12
Show
View Real Time Build Order
Export as new Build Order

Parasite Zerg 

Build Orders: Hatch First 

Get SALT Encoding   

  12  0:02  Drone  
  13  0:13  Overlord  
  13  0:19  Drone  
  14  0:32  Drone x2  
  14  0:35  Drone  
  17  0:53  Hatchery  
  17  0:56  Drone  
  17  1:11  Extractor  
  16  1:14  Drone, Spawning Pool  
  16  1:16  Drone  
  17  1:23  Drone  
  18  1:34  Drone  
  19  1:40  Overlord  
  19  2:00  Queen  
  21  2:01  Zergling x2  
  21  2:02  Zergling x2  
  21  2:03  Spine Crawler  
  21  2:05  Queen  
  24  2:13  Zergling x4  
  26  2:18  Metabolic Boost  
  20  2:37  Drone x3  
  20  2:42  Drone x2  
  21  2:52  Zergling x2  
  21  2:53  Zergling x2  
  21  3:11  Drone x4  
  25  3:28  Drone x5  
  30  3:36  Drone x3  
  30  3:38  Drone  
  34  3:52  Drone x2  
  36  4:05  Hatchery  
  36  4:09  Overlord x2  
  35  4:15  Extractor x2  
  33  4:19  Drone x3  
  33  4:20  Evolution Chamber  
  35  4:26  Drone  
  35  4:27  Queen  
  35  4:28  Drone  
  35  4:30  Drone  
  40  4:39  Drone x3  
  40  4:40  Drone  
  44  4:47  Zerg Ground Armor Level 1  
  44  4:48  Drone  
  45  5:03  Lair  
  45  5:07  Roach Warren, Overlord  
  45  5:13  Overlord x2  
  44  5:18  Overlord  
  44  5:26  Zergling x2  
  45  5:29  Queen  
  47  5:44  Drone x2  
  47  5:45  Drone x2  
  47  5:47  Roach x3  
  47  5:48  Roach x2  
  61  6:00  Glial Reconstitution  
  60  6:20  Roach x6  
  60  6:21  Drone, Roach x2  
  60  6:22  Drone x3  
  80  6:26  Overlord x2  
  80  6:30  Overlord  
  79  6:53  Roach x6  
  79  6:54  Roach x3  
  97  7:07  Evolution Chamber  
  96  7:09  Zerg Missile Weapons Level 1  
  96  7:10  Roach x3  
  96  7:11  Roach  
  104  7:18  Drone x2  
  106  7:25  Overlord x4  
  106  7:41  Hatchery  
  104  7:49  Drone x3  
  104  7:50  Hydralisk Den, Extractor  
  105  7:52  Drone x2  
  105  7:53  Drone x4  
  105  7:54  Drone  
  112  8:00  Drone x2  
  112  8:01  Drone x3  
  117  8:08  Overseer, Ravager  
  108  8:29  Roach  
  108  8:30  Roach x8  
  108  8:32  Pneumatized Carapace  
  126  8:37  Grooved Spines  
  126  8:41  Hydralisk x5  
  126  8:43  Overlord  
  126  8:46  Overlord  
  136  8:50  Zerg Ground Armor Level 2  
  107  9:17  Drone x5  
  107  9:18  Drone x7  
  91  9:25  Drone x4  
  91  9:26  Drone x2  
  94  9:37  Roach x3  
  94  9:38  Roach x2  
  99  9:41  Drone x2  
  98  9:45  Drone  
  98  9:46  Drone  
  95  9:55  Drone x4  
  95  10:00  Drone x2  
  95  10:01  Drone  
  98  10:07  Ravager  
  98  10:08  Ravager x2  
  98  10:12  Drone x4  
  105  10:17  Drone  
  106  10:31  Hydralisk x3  
  106  10:34  Drone x3  
Show
View Real Time Build Order
Export as new Build Order

LigerMaNN Zerg - Winner!

Build Orders: Pool First 

Get SALT Encoding   

  12  0:19  Spawning Pool  
  11  0:26  Drone x2  
  13  0:31  Drone  
  14  0:40  Overlord  
  14  1:08  Zergling x4  
  14  1:09  Zergling x2  
  17  1:21  Zergling x2  
  17  1:25  Hatchery  
  17  1:31  Zergling x2  
  18  1:35  Queen  
  20  1:41  Zergling x2  
  21  1:51  Overlord  
  21  2:14  Queen  
  23  2:17  Drone  
  23  2:18  Drone  
  25  2:24  Drone  
  23  2:38  Drone  
  22  2:56  Drone x3  
  24  3:00  Extractor  
  23  3:10  Drone x5  
  28  3:29  Roach Warren, Evolution Chamber  
  28  3:31  Queen x2, Evolution Chamber  
  29  3:41  Evolution Chamber  
  28  3:46  Drone  
  28  3:47  Drone  
  28  3:48  Spine Crawler  
  29  3:56  Drone  
  29  3:57  Drone x2  
  29  3:59  Drone  
  33  4:15  Drone x3  
  36  4:17  Overlord  
  36  4:37  Drone x8  
  44  4:41  Lair  
  44  4:45  Zerg Missile Weapons Level 1  
  44  5:03  Extractor  
  43  5:10  Overlord x3  
  43  5:11  Overlord  
  43  5:28  Queen, Drone, Extractor  
  44  5:29  Drone x2  
  44  5:32  Drone x4  
  44  5:33  Drone  
  52  5:37  Drone x2  
  52  5:38  Extractor  
  52  5:41  Zerg Ground Armor Level 1  
  53  5:48  Glial Reconstitution  
  53  5:51  Zergling x4  
  55  6:12  Roach x6  
  67  6:37  Overlord x2  
  66  6:40  Zerg Missile Weapons Level 2  
  66  6:42  Overlord x5  
  66  6:43  Overlord  
  67  6:54  Roach  
  67  6:55  Overlord x3  
  67  6:59  Roach  
  67  7:01  Hatchery  
  68  7:14  Roach x7  
  82  7:29  Roach x5  
  92  7:42  Roach x2  
  96  7:57  Roach  
  96  7:58  Roach x7  
  112  8:07  Overlord x2  
  108  8:17  Roach x5  
  116  8:21  Ravager  
  116  8:22  Overseer, Ravager  
  108  8:28  Ravager x2  
  108  8:29  Ravager x2  
  108  8:30  Roach  
  108  8:31  Roach x2  
  118  8:47  Roach x6  
  130  8:57  Roach x3  
  119  9:19  Roach x8  
  108  9:35  Roach  
  100  9:39  Roach x7  
  97  9:53  Ravager  
  94  10:00  Roach  
  94  10:01  Roach x4  
  94  10:04  Queen  
  100  10:12  Roach x6  
  114  10:14  Ravager x2  
  114  10:37  Roach x9  
  124  10:50  Roach x5  
Tags
 
Add a new tag
Caveats
  • Supply blocks, unpowered buildings, or Contaminate may cause inaccurate times.
  • Supply counts are checked every 10 seconds.